Cogmind - Beta 9.1 @@@ ROGUE MODE // 2019.10.31 @ 16:59:25 // Halloween2019/Abominations Player: Zyalin Result: Destroyed by Lesser Abomination with Improved EM Shotgun Performance ------------- Evolutions (1) 500 Regions Visited (2) 400 Robots Destroyed (14) 70 Value Destroyed (732) 732 Prototype IDs (3) 60 Alien Tech Used (0) 0 Bonus (0) 0 TOTAL SCORE: 1762 Bonus ------- None Cogmind --------- Core Integrity 0/400 Matter 300/300 Energy 99/100 System Corruption 9% Temperature Cool (428) Location -9/Materials Parts ------- Power (1) Propulsion (3) Utility (3) Heat Shielding Large Storage Unit High-capacity Storage Unit Weapon (2) Light Assault Rifle Inventory (18) Aluminum Leg Wheel Large Storage Unit High-capacity Storage Unit Medium Matter Pod (100) Improved EM Shotgun Beam Rifle Light Assault Rifle Light Assault Rifle Light Assault Rifle Light Assault Rifle Peak State ------------ Power Ion Engine Propulsion Light Treads Light Treads Aluminum Leg Utility Heat Shielding Large Storage Unit High-capacity Storage Unit Weapon Heavy Assault Rifle Light Cannon Inventory Light Treads Aluminum Leg Aluminum Leg Wheel Large Storage Unit High-capacity Storage Unit Improved EM Shotgun Small Laser Beam Rifle Light Assault Rifle [Rating: 12] Favorites ----------- Power Ion Engine Engine Ion Engine Propulsion Light Treads Treads Light Treads Leg Aluminum Leg Wheel Compact Wheel Utility Large Storage Unit Device Heat Sink Storage Large Storage Unit Weapon Medium Laser Energy Gun Medium Laser Ballistic Gun Heavy Assault Rifle Ballistic Cannon Light Cannon Build | -11 -10 -9 ------- Run | Scr Mat Mat Slots Evolved 2 | . . 2 Power . | . . . Propulsion 1 | . . 1 Utility 1 | . . 1 Weapon . | . . . Parts Attached 31 | 6 3 22 Power 2 | 1 . 1 Engine 2 | 1 . 1 Core . | . . . Reactor . | . . . Propulsion 11 | 2 . 9 Treads 8 | 1 . 7 Leg 2 | . . 2 Wheel 1 | 1 . . Hover . | . . . Flight . | . . . Utility 8 | 1 3 4 Device 4 | . . 4 Storage 4 | 1 3 . Processor . | . . . Hackware . | . . . Protection . | . . . Artifact . | . . . Weapon 10 | 2 . 8 Energy Gun 5 | 2 . 3 Energy Cannon . | . . . Ballistic Gun 4 | . . 4 Ballistic Cannon 1 | . . 1 Launcher . | . . . Special Weapon . | . . . Impact Weapon . | . . . Slashing Weapon . | . . . Piercing Weapon . | . . . Special Melee Weapon . | . . . Unidentified Prototypes 1 | . . 1 Parts Lost 13 | . . 13 Power 2 | . . 2 Propulsion 4 | . . 4 Utility 2 | . . 2 Weapon 5 | . . 5 Highest Loss Streak 4 | . . 4 Average Slot Usage (%) 86 | . 98 82 Engine 7 | . 14 4 Treads 19 | . 14 20 Leg 3 | . . 4 Wheel 4 | . 14 1 Device 6 | . . 8 Storage 23 | . 26 22 Energy Gun 15 | . 28 10 Ballistic Gun 4 | . . 6 Ballistic Cannon 2 | . . 3 Naked Turns . | . . . Heaviest Build 60 | 13 57 60 Greatest Support 60 | 16 16 60 Greatest Overweight (x) 16 | . 3 16 Average Overweight (x) 1 | . 1 1 Largest Inventory Capacity 18 | 6 18 18 Average Capacity 16 | 4 15 18 Most Carried 12 | 5 9 12 Average Carried 8 | 2 7 8 Final Capacity 18 | 6 18 18 Final Carried 11 | 5 9 11 Class Distribution -------------------- 85% | Mutant 14% | Scavenger-Mutant Dominant Class ---------------- Mutant | -10/Materials Mutant | -9/Materials Resources | -11 -10 -9 ----------- Run | Scr Mat Mat Matter Collected 792 | 199 34 559 Remotely . | . . . Salvage Created 531 | . 102 429 Parts 31 | . 3 28 Haulers Intercepted . | . . . Recyclers Shooed . | . . . Parts Field Recycled . | . . . Retrieved Matter . | . . . Parts Self-Destructed . | . . . Prevented . | . . . Kills | -11 -10 -9 ------- Run | Scr Mat Mat Combat Hostiles Destroyed 14 | . 3 11 Guns 10 | . 3 7 Cannons 4 | . . 4 Classes Destroyed 3 | . 1 2 Grunt 3 | . 3 . Sentry 2 | . . 2 Abomination 9 | . . 9 Best Kill Streak 4 | . 2 4 Combat Bots Only 4 | . 2 4 Max Kills in Single Turn 1 | . 1 1 Gunslinging . | . . . Exploded . | . . . Melee . | . . . Uniques/NPCs Destroyed . | . . . Combat | -11 -10 -9 -------- Run | Scr Mat Mat Damage Taken 1785 | . 76 1709 Core 417 | . 10 407 Absorbed by Shields . | . . . Core Remaining (%) 98 | 100 96 . Volleys Fired 84 | . 8 76 Largest 2 | . 2 2 Hottest 100 | . 100 85 Shots Fired 127 | . 16 111 Gun 94 | . 16 78 Cannon 33 | . . 33 Launcher . | . . . Special . | . . . Kinetic 80 | . . 80 Thermal 46 | . 16 30 Explosive . | . . . Electromagnetic 1 | . . 1 Robot Hit Streak 24 | . 6 24 Robot Miss Streak 3 | . 3 2 Penetration Max . | . . . Secondary Targets . | . . . Shots Hit Robots 101 | . 12 89 Core Hits 29 | . 6 23 Critical Hits . | . . . Critical Kills . | . . . Critical Parts Destroyed . | . . . Melee Attacks . | . . . Impact . | . . . Slashing . | . . . Piercing . | . . . Sneak Attacks . | . . . Combat Hostiles . | . . . Follow-up Attacks . | . . . Damage Inflicted 1465 | . 147 1318 Guns 1026 | . 147 879 Cannons 416 | . . 416 Explosions . | . . . Melee . | . . . Ramming 23 | . . 23 Kinetic 917 | . . 917 Thermal 521 | . 147 374 Explosive . | . . . Electromagnetic 4 | . . 4 Impact . | . . . Slashing . | . . . Piercing . | . . . Highest Corruption 9 | . . 9 Average Corruption 4 | . . 4 Corruption Purged . | . . . Effects 17 | . . 17 Message Errors 4 | . . 4 Matter Fused 3 | . . 3 Heat Flow Errors 2 | . . 2 Energy Discharges 2 | . . 2 Parts Rejected 1 | . . 1 Targeting Errors 3 | . . 3 Weapon Failures 2 | . . 2 Overload Shots . | . . . Overflow Damage 11 | . . 11 Projectiles . | . . . Explosions . | . . . Melee 11 | . . 11 Knockbacks 7 | . . 7 Impact . | . . . Kinetic 5 | . . 5 Secondary 2 | . . 2 Self-Inflicted Damage . | . . . Shots . | . . . Rammed 1 | . . 1 Targets Rammed 1 | . . 1 Kicked . | . . . Crushed . | . . . Highest Temperature 660 | . 135 660 Average Temperature 142 | . 65 160 Received Heat Transfer 84 | . 42 42 Effects 3 | . . 3 Energy Bleed 1 | . . 1 Short Circuit 1 | . . 1 Damage (core) 1 | . . 1 Siege Activations . | . . . Robots Corrupted . | . . . Combat Hostiles . | . . . Parts Fried . | . . . Impact Corruptions 1 | . . 1 Robots Melted . | . . . Combat Hostiles . | . . . Parts Melted . | . . . Heat Transferred 683 | . 444 239 Parts Sabotaged . | . . . Parts Stolen . | . . . Parts Stripped . | . . . Power Chain Reactions . | . . . Missiles Intercepted . | . . . Alert | -11 -10 -9 ------- Run | Scr Mat Mat Peak Influence 78 | . 78 57 Average Influence 23 | . 34 22 Maximum Alert Level . | . . . Low Security (%) 100 | . . . Level 1 . | . . . Level 2 . | . . . Level 3 . | . . . Level 4 . | . . . Level 5 . | . . . High Security . | . . . Max Security . | . . . Squads Dispatched 12 | . 2 10 Investigation 1 | . . 1 Extermination . | . . . Reinforcement 5 | . 2 3 Assault 6 | . . 6 Garrison . | . . . Intercept . | . . . Construction Impeded . | . . . Haulers Reinforced . | . . . Stealth | -11 -10 -9 --------- Run | Scr Mat Mat Distress Signals 8 | . 1 7 Communications Jammed . | . . . Distress Signals . | . . . Times Spotted 17 | . 3 14 Peak Tracking Total 5 | . 2 5 Tactical Retreats 2 | . . 2 Traps | -11 -10 -9 ------- Run | Scr Mat Mat Traps Triggered . | . . . Indirectly . | . . . Trap Hack Attempts . | . . . Triggered . | . . . Disarmed . | . . . Reprogrammed . | . . . Reused . | . . . Traps Extracted . | . . . Installed . | . . . Triggered . | . . . Machines | -11 -10 -9 ---------- Run | Scr Mat Mat Machines Disabled . | . . . Max in Single Turn . | . . . Machines Sabotaged . | . . . Garrisons Compromised . | . . . Overloaded Fab Kills . | . . . Fab Network Shutdowns . | . . . Hacking | -11 -10 -9 --------- Run | Scr Mat Mat Machines Accessed 1 | . 1 . Terminals 1 | . 1 . Fabricators . | . . . Repair Stations . | . . . Recycling Units . | . . . Scanalyzers . | . . . Garrison Access . | . . . Total Hacks 2 | . 2 . Successful 2 | . 2 . Failed . | . . . Catastrophic . | . . . Database Lockouts . | . . . Manual 1 | . 1 . Terminals 2 | . 2 . Fabricators . | . . . Repair Stations . | . . . Recycling Units . | . . . Scanalyzers . | . . . Garrison Access . | . . . Terminal Hacks 1 | . 1 . Prototype ID Bank 1 | . 1 . Fabricator Hacks . | . . . Repair Station Hacks . | . . . Recycling Unit Hacks . | . . . Scanalyzer . | . . . Garrison Access Hacks . | . . . Unauthorized Hacks 2 | . 2 . Terminals 1 | . 1 . Track 1 | . 1 . Fabricators . | . . . Repair Stations . | . . . Recycling Units . | . . . Scanalyzers . | . . . Garrison Access . | . . . Data Cores Recovered . | . . . Used . | . . . Hacking Detections . | . . . Full Trace Events . | . . . Feedback Events . | . . . Feedback Blocked . | . . . Robot Schematics Acquired . | . . . Robots Built . | . . . Matter . | . . . Time . | . . . Total Robot Build Rating . | . . . Part Schematics Acquired . | . . . Parts Built . | . . . Matter . | . . . Time . | . . . Total Part Build Rating . | . . . Parts Repaired . | . . . Time . | . . . Parts Recycled . | . . . Recycled Matter . | . . . Retrieved Matter . | . . . Retrieved Components . | . . . Parts Scanalyzed . | . . . Part Schematics Acquired . | . . . Parts Damaged . | . . . Bothacking | -11 -10 -9 ------------ Run | Scr Mat Mat Used RIF Installer . | . . . Robots Hacked . | . . . Non-combat . | . . . Combat . | . . . Robot Hacks Applied . | . . . Relay Couplers Released . | . . . Robots Rewired . | . . . Allies Hacked . | . . . Hacks Repelled . | . . . Allies | -11 -10 -9 -------- Run | Scr Mat Mat Total Allies . | . . . Largest Group . | . . . Highest-Rated Group . | . . . Highest-Rated Ally . | . . . Total Orders . | . . . Ally Attacks . | . . . Total Damage . | . . . Kills . | . . . Allies Corrupted . | . . . Allies Melted . | . . . Intel | -11 -10 -9 ------- Run | Scr Mat Mat Robot Analysis Total . | . . . Derelict Logs Recovered . | . . . Drone Launches . | . . . Drone Recoveries . | . . . Exploration | -11 -10 -9 ------------- Run | Scr Mat Mat Turns Passed 920 | 64 207 649 Spaces Moved 421 | 50 134 237 Core 2 | 1 . 1 Treads 171 | . . 171 Legs . | . . . Wheels 248 | 49 134 65 Hover . | . . . Flight . | . . . Fastest Speed 50 | 50 100 130 Average Speed 144 | 99 119 169 Slowest Speed 850 | 100 130 850 Overloaded Moves . | . . . Propulsion Burnouts . | . . . Robots Hopped . | . . . Cave-ins Triggered . | . . . Exploration Rate (%) 19 | 3 25 29 Regions Visited 2 Branch Regions . Pre-discovered Areas . | . . . Known Exits Taken . | . . . Unknown Exits Taken 2 | 1 1 . Scrap Searched . | . . . Spaces Dug . | . . . Terrain Destroyed . | . . . Melee . | . . . Projectile . | . . . AOE . | . . . Actions | -11 -10 -9 --------- Run | Scr Mat Mat Total 586 | 61 164 361 Wait 29 | . 17 12 Move 418 | 49 132 237 Hop . | . . . Pick Up 20 | 6 3 11 Fast Attach 15 | 5 1 9 Attach 13 | 1 . 12 Detach 2 | . . 2 Swap 3 | . 2 1 Drop 1 | . 1 . Fire 84 | . 8 76 Melee . | . . . Ram . | . . . Kick . | . . . Crush 1 | . . 1 Escape Stasis . | . . . Rewire . | . . . Trap . | . . . Miscellaneous . | . . . Route ------- -11/Scrapyard -10/Materials -9/Materials History --------- Turn | Location | Event 14 | -11/Scrapyard | Discovered new exit (range 15) 65 | -11/Scrapyard | Entered Materials 81 | -10/Materials | Discovered new exit (range 15) 246 | -10/Materials | Discovered new exit (range 3) 272 | -10/Materials | Entered another Materials area 272 | -9/Materials | Evolved 2 slots: Propulsion x1, Utility x1 313 | -9/Materials | Build established: Mutant 397 | -9/Materials | Lost 3 parts (1n1u1w) 587 | -9/Materials | Core integrity fell below 50% 736 | -9/Materials | Lost 4 parts (2n2w) 916 | -9/Materials | Core integrity fell below 20% 921 | -9/Materials | Destroyed by Lesser Abomination with Improved EM Shotgun Last Messages --------------- 00898_ Hit by a wave of energy. 00898_ Lgt. Assault Rifle ripped off. 00898_ Sml. Laser ripped off. 00898_ Lgt. Treads ripped off. 00898_ Heat Sink destroyed. 00900_ Acquired Lgt. Assault Rifle. 00905_ Hungry Anomaly eats Sml. Laser. 00906_ Hungry Anomaly eats Lgt. Treads. 00907_ System corrupted: Lgt. Assault Rifle targeting data glitched. 00908_ Lesser Abomination spits out Flight Unit. 00908_ Lesser Abomination feeds off Hungry Anomaly, taking Flight Unit. 00908_ Hungry Anomaly eats Flight Unit. 00912_ Overheating: Energy bleed (-24). 00912_ &R&MCNS6WR B,/WUWH3AG#W8LYVFE